 Dungeon Crawl Stone Soup version 0.27-a0-1301-g128193a (webtiles) character file.

Game seed: 759363215856510436

5132 HDogLeCool the Fighter (level 10, -5/114 HPs)
             Began as an Ogre Berserker on June 15, 2021.
             Was an Elder of Trog.
             Killed from afar by an electric eel (7 damage)
             ... with a bolt of electricity
             ... on level 8 of the Dungeon on June 16, 2021.
             The game lasted 00:27:42 (10881 turns).

HDogLeCool the Fighter (Ogre Berserker)            Turns: 10881, Time: 00:27:42

Health: -5/114     AC: 14    Str: 25    XL:     10   Next: 58%
Magic:  10/10      EV: 10    Int:  8    God:    Trog [****..]
Gold:   430        SH: 12    Dex:  9    Spells: 9/9 levels left

rFire    . . .     SeeInvis .   a - +0 hand axe
rCold    + . .     Faith    .   H - +1 kite shield {AC+3}
rNeg     . . .     Spirit   .   J - +0 steam dragon scales
rPois    .         Reflect  .   (helmet restricted)
rElec    .         Harm     .   G - +0 cloak
rCorr    .         Rampage  .   (gloves unavailable)
Will     ++++.                  (boots unavailable)
Stlth    +.........             (no amulet)
HPRegen  1.29/turn              h - +4 ring of protection
MPRegen  0.12/turn              F - ring "Itan" {rC+ Will+}

@: strong-willed, on berserk cooldown, regenerating, slowed, very slow
A: large, unfitting armour, tough skin 1
a: Renounce Religion, Berserk, Trog's Hand, Brothers in Arms


You were on level 8 of the Dungeon.
You worshipped Trog.
Trog was greatly pleased with you.
You visited 1 branch of the dungeon, and saw 10 of its levels.
You also visited: Sewer.

You collected 430 gold pieces.

Inventory:

Hand Weapons
 a - a +0 hand axe (weapon)
 i - a +2 dagger of speed
 B - a +1 dagger of venom
 M - a +1 spear of venom
Missiles
 q - 2 atropa-tipped darts (quivered)
 r - 2 throwing nets
 x - 66 poisoned darts
Armour
 b - a +0 animal skin
 f - a +0 kite shield
 g - a +0 robe
 G - a +0 cloak (worn)
 H - a +1 kite shield of protection (worn)
 J - +0 steam dragon scales (worn)
Jewellery
 h - a +4 ring of protection (left hand)
 z - a ring of wizardry
 F - the ring "Itan" (right hand) {rC+ Will+}
   (You found it on level 6 of the Dungeon)

   [ring of protection from cold]

   It protects you from cold.
   It increases your willpower.
 L - an amulet of reflection
 Q - a ring of willpower
Wands
 c - a wand of flame (22)
 v - a wand of polymorph (7)
 E - a wand of iceblast (17)
 I - a wand of digging (2)
 O - a wand of charming (10)
 P - a wand of mindburst (12)
Scrolls
 d - 2 scrolls of fear
 e - a scroll of acquirement {unknown}
 k - 3 scrolls of teleportation
 m - 2 scrolls of holy word
 o - 3 scrolls of magic mapping {unknown}
 u - a scroll of enchant weapon {unknown}
 y - a scroll of noise {unknown}
 C - a scroll of enchant armour {unknown}
 K - 2 scrolls of identify
Potions
 j - 2 potions of mutation {unknown}
 l - 2 potions of magic
 n - a potion of degeneration {unknown}
 p - 2 potions of attraction {unknown}
 s - 4 potions of curing
 t - 4 potions of flight {unknown}
 w - 4 potions of brilliance
 A - 2 potions of might
 D - 2 potions of lignification {unknown}
 N - a potion of haste


   Skills:
 * Level 11.3 Fighting
 + Level 8.6 Axes
 + Level 3.8 Dodging
 - Level 9.0 Shields


You had 9 spell levels left.
You didn't know any spells.
Your spell library was empty.

Dungeon Overview and Level Annotations

Branches:
Dungeon (10/15)            Temple (0/1) D:4           Sewer (visited)
   Lair: D:8-11         Orc: D:9-12

Altars:
Gozag
Kikubaaqudgha
Okawaru
Xom


Innate Abilities, Weirdness & Mutations

You are too large for most types of armour.
You have tough skin. (AC +1)


Message History

The electric eel completely resists.
The bolt of electricity hits you!
The electric eel shoots out a bolt of lightning at your ogre!
The bolt of electricity hits your ogre! x2
You are too injured to fight recklessly!
You enter the shallow water.
Moving in this stuff is going to be slow.
Your ogre barely misses the electric eel.
The electric eel shoots out a bolt of lightning at you!
The bolt of electricity misses your ogre.
The bolt of electricity hits you.
Your ogre closely misses the electric eel.
The electric eel shoots out a bolt of lightning at you!
The bolt of electricity hits you!
* * * LOW HITPOINT WARNING * * *
Your ogre completely misses the electric eel.
The electric eel shoots out a bolt of lightning at you!
The bolt of electricity hits your ogre!
Your ogre dies!
Your ogre's corpse disappears in a puff of smoke!
The bolt of electricity hits you!
* * * LOW HITPOINT WARNING * * *
The electric eel shoots out a bolt of lightning at you!
The bolt of electricity hits you!
* * * LOW HITPOINT WARNING * * *
The bolt of electricity hits you!
* * * LOW HITPOINT WARNING * * *
The bolt of electricity hits the electric eel.
The electric eel completely resists.
You feel better.
You feel better.
The electric eel shoots out a bolt of lightning at you!
The bolt of electricity hits the electric eel.
The electric eel completely resists.
The bolt of electricity hits you!
* * * LOW HITPOINT WARNING * * *
The electric eel shoots out a bolt of lightning at you!
The bolt of electricity hits you!
* * * LOW HITPOINT WARNING * * *
The electric eel shoots out a bolt of lightning at you!
The bolt of electricity hits you!
You die...

##...######..........##.#....##
# #....## ##............#.....#
.###..# ###......#...####..# ##
#..# ##.....#..## #### # #..#
############# # #.)##
##...≈≈≈≈≈##
####...####≈########≈##
...>.....#≈##...?[≈##.#
##.......#≈#...≈@;≈≈#.#
###.....#.#....;.=≈#)#
#......#.#'..≈≈;≈≈#≈#
##......#..#..P..≈##≈##
##...##..##)##########≈##
#...####..#≈≈# .P≈|≈##≈#
#..####...##≈# .P..≈≈#.#
..####....##.# ...(≈≈#.#
#..##......#.# .PP(;≈#.#


You could see 3 electric eels.

Vanquished Creatures
  Pikel (D:6)
  A meliai zombie (D:7)
  11 yaks (D:8)
  A steam dragon (D:8)
  A black bear (D:5)
  3 sky beasts
  An ice beast (D:7)
  4 necrophages
  2 ogres
  4 centaurs
  A lemure (D:6)
  2 kobold brigands (Sewer)
  A gnoll sergeant (D:7)
  A wyvern zombie (D:5)
  A scorpion (D:5)
  A water moccasin skeleton (D:4)
  3 killer bees (D:8)
  3 wights (D:9)
  2 centaur zombies (D:8)
  A jelly (D:5)
  Crazy Yiuf (D:6)
  2 centaur skeletons (D:6)
  2 gnoll shamans (D:8)
  4 orc wizards
  A killer bee zombie (D:7)
  A howler monkey zombie (D:9)
  12 gnolls
  7 adders
  5 river rats
  An ufetubus (D:5)
  3 worms
  A dart slug (D:5)
  12 orcs
  11 ball pythons
  7 endoplasms
  8 giant cockroaches
  6 goblins
  11 hobgoblins
  9 jackals
  18 kobolds
  5 quokkas
  2 bats
  2 frilled lizards (D:2)
  24 rats
200 creatures vanquished.

Vanquished Creatures (collateral kills)
  A gargoyle (D:8)
1 creature vanquished.

Vanquished Creatures (others)
  A sky beast (D:6)
  An orc wizard (D:5)
  2 plants (D:8)
  A withered plant (D:8)
5 creatures vanquished.

Grand Total: 206 creatures vanquished

Notes
Turn   | Place    | Note
-------+----------+-------------------------------------------
     0 | D:1      | HDogLeCool the Ogre Berserker began the quest for the Orb.
     0 | D:1      | Reached XP level 1. HP: 24/24 MP: 1/1
   241 | D:1      | Reached XP level 2. HP: 30/32 MP: 2/2
   925 | D:1      | Found a faded altar of an unknown god.
  1309 | D:2      | Reached XP level 3. HP: 37/40 MP: 3/3
  1549 | D:2      | Reached skill level 1 in Shields
  1557 | D:2      | Reached ** piety under Trog
  1899 | D:2      | Found a shimmering altar of Xom.
  2072 | D:2      | Reached XP level 4. HP: 49/49 MP: 4/4
  2590 | D:3      | Found an iron altar of Okawaru.
  3262 | D:4      | Noticed a necrophage
  3268 | D:4      | Killed a necrophage
  3269 | D:4      | Reached skill level 5 in Fighting
  3269 | D:4      | Reached XP level 5. HP: 57/57 MP: 5/5
  3648 | D:4      | Reached XP level 6. HP: 66/66 MP: 6/6
  3778 | D:4      | Found a staircase to the Ecumenical Temple.
  3914 | D:4      | Noticed a sky beast
  3933 | D:4      | Killed a sky beast
  3933 | D:4      | Reached *** piety under Trog
  4206 | D:5      | Entered Level 5 of the Dungeon
  4360 | D:5      | Found a glowing drain.
  4375 | Sewer    | Entered a sewer
  4389 | Sewer    | Reached XP level 7. HP: 74/74 MP: 7/7
  4421 | Sewer    | Reached skill level 6 in Fighting
  4778 | Sewer    | Reached **** piety under Trog
  4779 | Sewer    | Reached skill level 5 in Axes
  5357 | D:5      | Reached skill level 5 in Shields
  5386 | D:5      | Reached XP level 8. HP: 74/84 MP: 8/8
  5483 | D:5      | Reached skill level 7 in Fighting
  6605 | D:6      | Reached ***** piety under Trog
  6606 | D:6      | Noticed Pikel
  6677 | D:6      | Killed Pikel
  6678 | D:6      | Reached skill level 8 in Fighting
  6678 | D:6      | Reached XP level 9. HP: 97/97 MP: 9/9
  6916 | D:6      | Found a runed translucent door.
  6917 | D:6      | Noticed Crazy Yiuf
  7426 | D:6      | Identified the ring "Itan" {rC+ Will+}
  7655 | D:6      | Killed Crazy Yiuf
  7766 | D:7      | You fall into a shaft and drop 3 floors!
  7766 | D:10     | Entered Level 10 of the Dungeon
  8413 | D:8      | Reached skill level 9 in Fighting
  8722 | D:8      | Found an opulent altar of Gozag.
  9039 | D:8      | Reached XP level 10. HP: 109/109 MP: 10/10
  9253 | D:7      | Upgraded the game from 0.27-a0-1291-geefcff5 to
                  | 0.27-a0-1296-g8ece459
  9283 | D:7      | Reached skill level 10 in Fighting
 10026 | D:7      | Identified the +6 dagger of Xom's Displeasure {protect,
                  | Contam +Blink Str+4 Dex+4}
 10131 | D:8      | Found an ancient bone altar of Kikubaaqudgha.
 10209 | D:8      | Upgraded the game from 0.27-a0-1296-g8ece459 to
                  | 0.27-a0-1301-g128193a
 10428 | D:8      | Reached skill level 11 in Fighting
 10864 | D:8      | Noticed a gargoyle
 10870 | D:8      | Killed a gargoyle
 10879 | D:8      | HP: 2/114 [electric eel/bolt of electricity (8)]
 10881 | D:8      | Killed from afar by an electric eel

Illustrated notes

Levels and vault maps discovered:
D:1:      lordsloth_arrival_two_stooges, layout_basic,
          ebering_ecumenical_altar_webs
D:2:      layout_basic, basic_altar, eino_tiny_chamber, kennysheep_cross_room,
          kennysheep_minor_cross, minmay_hexomino_c4
D:3:      layout_loops_cross, nicolae_overflow_crystal_walls,
          kennysheep_crisscross
D:4:      layout_gridville, minmay_temple_entry_gardened_gates
D:5:      black_bear_nest_2, layout_rooms, gup_sewer_entry_bubbles, st_stairs_13
D:6:      layout_loops_cross, uniq_crazy_yiuf_cottage, uniq_pikel
D:7:      layout_rooms, chequers_serial_rivers_micro_a
D:8:      cheibrodos_two_vegetables, layout_layer_cave,
          kiku_gazebo_garden_becter, nicolae_gozag_seed_capital
D:9:      layout_loops_ring
D:10:     layout_loops_cross, lemuel_doored_altar,
          amethyst_overflow_temple_binary, lair_entry_dummy, uniq_josephine,
          uniq_harold

Skill      XL: |  1  2  3  4  5  6  7  8  9 10 |
---------------+-------------------------------+-----
Dodging        | 3 |  3.8
Shields        | 1 2 3 5 7 8 9 |  9.0
Fighting       | 5 6 8 9 11 | 11.3
Axes           | 4 5 6 7 8 |  8.6

Action                   |  1- 3 |  4- 6 |  7- 9 | 10-12 || total
-------------------------+-------+-------+-------+-------++-------
Melee: Hand axe          |   112 |   132 |   532 |   150 ||   926
       Dagger            |    17 |       |       |       ||    17
Invok: Berserk           |     4 |     4 |    12 |     4 ||    24
       Trog's Hand       |       |       |     3 |     1 ||     4
       Brothers in Arms  |       |       |     1 |     1 ||     2
  Use: Scroll            |       |       |     7 |       ||     7
       Potion            |       |       |     5 |     3 ||     8
Armor: Animal skin       |     8 |       |       |       ||     8
       Robe              |    29 |    28 |   259 |       ||   316
       Steam dragon scal |       |       |     3 |    63 ||    66
Dodge: Dodged            |    49 |    36 |   143 |    68 ||   296
Block: Kite shield       |    45 |    53 |   278 |   127 ||   503

Table legend: (Time is in decaauts)
 A = Elapsed time spent in this place.
 B = Non-inter-level travel time spent in this place.
 C = Inter-level travel time spent in this place.
 D = Time resting spent in this place.
 E = Time spent auto-exploring this place.
 F = Levels seen in this place.
 G = Mean time per level.
                   A        B        C        D        E       F      G
               +--------+--------+--------+--------+--------+-----+--------+
         Total |  11244 |  10922 |    322 |   2817 |   5961 |  11 | 1022.2 |
       Dungeon |  10343 |  10021 |    322 |   2554 |   5566 |  10 | 1034.3 |
         Sewer |    900 |    900 |      0 |    263 |    394 |   1 |  900.0 |
               +--------+--------+--------+--------+--------+-----+--------+

Top non-repeatable levels by time:
     D:8: 1679 daAuts
     D:5: 1412 daAuts
     D:2: 1285 daAuts
     D:6: 1277 daAuts
     D:4: 1229 daAuts
     D:1: 1222 daAuts
   Sewer: 900 daAuts
     D:3: 831 daAuts
     D:7: 790 daAuts
     D:9: 436 daAuts
    D:10: 178 daAuts
